 Dungeon Crawl Stone Soup version 0.28-a0-556-gab23d0e057 (webtiles) character file.

Game seed: 5840327449128383990

148 robertstho the Magician (level 5, -4/37 HPs)
             Began as a Djinni Fire Elementalist on Sept 28, 2021.
             Killed by divine providence
             ... invoked by an orc priest
              (11 damage)
             ... on level 3 of the Dungeon.
             The game lasted 00:02:51 (2950 turns).

robertstho the Magician (Djinni Fire Elementalist)  Turns: 2950, Time: 00:02:52

Health: -4/37      AC:  2    Str:  7    XL:     5   Next: 56%
Gold:   43         EV: 12    Int: 17    God:
                   SH:  0    Dex: 14

rFire   + + .      SeeInvis .   d - +0 short sword
rCold   x . .      Faith    .   (no shield)
rNeg    . . .      Spirit   .   a - +0 robe
rPois   ∞          Reflect  .   (no helmet)
rElec   .          Harm     .   (no cloak)
rCorr   .          Rampage  .   (no gloves)
Will    .....                   (boots unavailable)
Stlth   ++........              (no amulet)
HPRegen 0.12/turn               (no ring)
MPRegen 0.00/turn               (no ring)

@: flying
A: sickness immunity, fire resistance 2, cold vulnerability 1, float, innate
caster, hp casting, extra vitality 1
a: no special abilities


You were on level 3 of the Dungeon.
You visited 1 branch of the dungeon, and saw 3 of its levels.

You collected 43 gold pieces.

Inventory:

Hand Weapons
 d - a +0 short sword (weapon)
Armour
 a - a +0 robe (worn)
Scrolls
 b - a scroll of identify {unknown}
 c - 3 scrolls of teleportation {unknown}
 e - a scroll of magic mapping {unknown}
 j - a scroll of vulnerability {unknown}
 k - a scroll of blinking {unknown}
Potions
 f - a potion of haste
 g - a potion of lignification {unknown}
 h - a potion of flight {unknown}
 i - a potion of heal wounds {unknown}


   Skills:
 * Level 1.4 Fighting
 * Level 1.3 Armour
 + Level 2.3 Dodging
 + Level 2.0 Stealth
 + Level 3.9 Spellcasting


You couldn't memorise any spells.
You knew the following spells:

 Your Spells              Type           Power      Damage    Failure   Level
a - Foxfire               Conj/Fire      64%        2x1d7     3%          1
b - Scorch                Fire           32%        2d7       4%          2
c - Conjure Flame         Conj/Fire      16%        6-21      10%         3
d - Inner Flame           Hex/Fire       16%        N/A       10%         3
e - Flame Wave            Conj/Fire      16%        3d5       32%         4
f - Freeze                Ice            64%        1d8       3%          1
g - Poisonous Vapours     Pois/Air       32%        N/A       4%          2
Your spell library was empty.

Dungeon Overview and Level Annotations

Branches:
Dungeon (3/15)

Altars:

Shops:
D:1 !?:(

Annotations:
D:1 Good shops


Innate Abilities, Weirdness & Mutations

You are immune to sickness and miasma.
You are immune to poison.
Your flesh is very heat resistant. (rF++)
You are vulnerable to cold. (rC-)
You float through the air rather than walking.
You learn spells naturally, not from books.
Your magical power is your life essence.
You have superior vitality. (+4 HP)


Message History

Casting: Scorch (safe; 4% risk of failure)
Confirm with . or Enter, or press ? or * to list all spells.
Flames lash the gnoll.
The gnoll is burned terribly!
You kill the gnoll!
You hear a shout!
An orc comes into view. It is wielding a +0 club.
Casting: Scorch (safe; 4% risk of failure)
Confirm with . or Enter, or press ? or * to list all spells.
Flames lash the gnoll.
The gnoll is severely wounded.
The gnoll's fire resistance burns away.
The orc shouts!
An orc comes into view. It is wielding a +0 falchion.
Casting: Scorch (safe; 4% risk of failure)
Confirm with . or Enter, or press ? or * to list all spells.
Flames lash the gnoll.
The gnoll is burned terribly!
You kill the gnoll!
You hear a shout!
The orc priest mumbles some strange prayers to Beogh against you.
Beogh smites you!
* * * LOW HITPOINT WARNING * * *
Your Stealth skill increases to level 2!
Casting: Scorch (safe; 4% risk of failure)
Confirm with . or Enter, or press ? or * to list all spells.
Flames lash the orc priest.
The orc priest is severely wounded.
The orc priest's fire resistance burns away.
* * * LOW HITPOINT WARNING * * *
A quokka comes into view.
Casting: Scorch (safe; 4% risk of failure)
Confirm with . or Enter, or press ? or * to list all spells.
Flames lash the orc.
You kill the orc!
* * * LOW HITPOINT WARNING * * *
You hear a shout!
The quokka twitches its whiskers.
An adder skeleton comes into view.
The orc priest calls down the wrath of Beogh upon you.
Beogh smites you!
You die...

## ### #. ..# #.
#.# # #. #.#
...o##.##### #.#
.r.o)o)@...# #.#
..#Z##.###.###.#
#.###§#...##
#.....§....#
####..§....#
#..v....#
####...## ##.##
#.#


You could see an orc priest (combustible), 2 orcs, a quokka and an adder
skeleton.

Vanquished Creatures
  9 gnolls
  An adder (D:2)
  A dart slug (D:2)
  An orc (D:3)
  4 bats
  8 endoplasms
  3 giant cockroaches (D:2)
  2 goblins (D:1)
  5 hobgoblins
  A quokka (D:1)
  5 ball pythons
  2 frilled lizards (D:1)
  5 kobolds
  6 rats
53 creatures vanquished.

Vanquished Creatures (others)
  213 foxfires
213 creatures vanquished.

Grand Total: 266 creatures vanquished

Notes
Turn   | Place    | Note
-------+----------+-------------------------------------------
     0 | D:1      | robertstho the Djinni Fire Elementalist began the quest for
                  | the Orb.
     0 | D:1      | Reached XP level 1. HP: 15/15 MP: 0/0
    67 | D:1      | Found Usowaino's Book Shoppe.
   372 | D:1      | Reached XP level 2. HP: 19/22 MP: 0/0
   693 | D:1      | Reached XP level 3. HP: 23/26 MP: 0/0
   693 | D:1      | Learned a level 1 spell: Freeze
   989 | D:1      | Reached skill level 1 in Fighting
  1069 | D:1      | Found Emimapit's Distillery.
  1255 | D:1      | Found Laraergh's Magic Scroll Shoppe.
  1393 | D:1      | Reached skill level 3 in Spellcasting
  1525 | D:1      | Found Irphaggy's Weapon Shoppe.
  1917 | D:2      | Reached XP level 4. HP: 25/32 MP: 0/0
  2357 | D:2      | Reached XP level 5. HP: 35/37 MP: 0/0
  2357 | D:2      | Learned a level 2 spell: Poisonous Vapours
  2596 | D:2      | Reached skill level 1 in Armour
  2950 | D:3      | Killed from afar by an orc priest

Illustrated notes

Levels and vault maps discovered:
D:1:      minmay_arrival_four_houses, layout_loops_corners, serial_shops, shop,
          nicolae_shop_window_shopping, shop, nicolae_diamond_shop,
          minmay_indecisive_spiral
D:2:      layout_basic, uniq_crazy_yiuf_cottage
D:3:      layout_loops_corners, chequers_serial_rivers_micro_c

Skill      XL: |  1  2  3  4  5 |
---------------+----------------+-----
Fighting       | 1 |  1.4
Spellcasting   | 3 |  3.9
Armour         | 1 |  1.3
Stealth        | 2 |  2.0
Dodging        | |  2.3

Action                   |  1- 3 |  4- 6 || total
-------------------------+-------+-------++-------
 Cast: Foxfire           |    71 |    57 ||   128
       Scorch            |     3 |     9 ||    12
Armor: Robe              |       |     1 ||     1
Dodge: Dodged            |       |     7 ||     7

Table legend: (Time is in decaauts)
 A = Elapsed time spent in this place.
 B = Non-inter-level travel time spent in this place.
 C = Inter-level travel time spent in this place.
 D = Time resting spent in this place.
 E = Time spent auto-exploring this place.
 F = Levels seen in this place.
 G = Mean time per level.
                   A        B        C        D        E       F      G
               +--------+--------+--------+--------+--------+-----+--------+
         Total |   2950 |   2877 |     73 |    214 |   2365 |   3 |  983.3 |
       Dungeon |   2950 |   2877 |     73 |    214 |   2365 |   3 |  983.3 |
               +--------+--------+--------+--------+--------+-----+--------+

Top non-repeatable levels by time:
     D:1: 1973 daAuts
     D:2: 948 daAuts
     D:3: 28 daAuts
